| TOP OF THE 1ST |
|
West Virginia Black Bears batting - Pitching for Tri-City Dust Devils : RHP Chris Leavitt
|
|
Pitching: RHP Chris Leavitt
|
|
|
Batting: LHB Norm Silveira-Wray
|
0-0: Called Strike 0-1: Ball 1-1: Reached on error, E4 (Groundball, 4D, EV 105.6 MPH)
|
|
Batting: RHB Ryan LeSueur
|
0-0: Called Strike Norm Silveira-Wray steals 2nd base 0-1: Ball 1-1: Called Strike 1-2: Strikes out swinging
|
|
Batting: LHB Dave Cook
|
0-0: Ball Norm Silveira-Wray is caught stealing 3rd base 2-5 1-0: Called Strike 1-1: Foul Ball, location: 2F 1-2: Strikes out swinging
|
| Top of the 1st over - 0 runs, 0 hits, 1 error, 0 left on base; West Virginia 0 - Tri-City 0 |
| BOTTOM OF THE 1ST |
|
Tri-City Dust Devils batting - Pitching for West Virginia Black Bears : RHP Pete Griesser
|
|
Pitching: RHP Pete Griesser
|
|
|
Batting: RHB Ben Hoffman
|
0-0: Called Strike 0-1: Swinging Strike 0-2: Ground out 6-3 (Groundball, 6, EV 86.9 MPH)
|
|
Batting: SHB Cesar Arteaga
|
0-0: Swinging Strike 0-1: Ball 1-1: Fly out, F9 (Flyball, 9D, EV 102.5 MPH)
|
|
Batting: LHB Justin Rankin
|
0-0: Called Strike 0-1: Ground out U3 (Groundball, 3, EV 108.1 MPH)
|
| Bottom of the 1st over - 0 runs, 0 hits, 0 errors, 0 left on base; West Virginia 0 - Tri-City 0 |
| TOP OF THE 2ND |
|
West Virginia Black Bears batting - Pitching for Tri-City Dust Devils : RHP Chris Leavitt
|
|
Batting: RHB Joe Bower
|
0-0: Swinging Strike 0-1: Ball 1-1: Swinging Strike 1-2: Ground out U3 (Groundball, 3S, EV 88.1 MPH)
|
|
Batting: RHB Mike Weeks
|
0-0: Ball 1-0: Swinging Strike 1-1: Ball 2-1: Foul Ball, location: 2F 2-2: Strikes out swinging
|
|
Batting: RHB Erik Mulligan
|
0-0: Ball 1-0: Called Strike 1-1: Swinging Strike 1-2: Strikes out swinging
|
| Top of the 2nd over - 0 runs, 0 hits, 0 errors, 0 left on base; West Virginia 0 - Tri-City 0 |
| BOTTOM OF THE 2ND |
|
Tri-City Dust Devils batting - Pitching for West Virginia Black Bears : RHP Pete Griesser
|
|
Batting: RHB Deshawn Boseman
|
0-0: Called Strike 0-1: Swinging Strike 0-2: Strikes out swinging
|
|
Batting: RHB Andy Solorzano
|
0-0: Called Strike 0-1: Ball 1-1: Foul Ball, location: 2F 1-2: Ball 2-2: Ball 3-2: Foul Ball, location: 2F 3-2: Foul Ball, location: 2F 3-2: Fly out, F3 (Popup, 34, EV 68.1 MPH)
|
|
Batting: SHB Blake Abbott
|
0-0: Ball 1-0: Called Strike 1-1: Foul Ball, location: 2F 1-2: Fly out, F9 (Flyball, 9, EV 96.2 MPH)
|
| Bottom of the 2nd over - 0 runs, 0 hits, 0 errors, 0 left on base; West Virginia 0 - Tri-City 0 |
| TOP OF THE 3RD |
|
West Virginia Black Bears batting - Pitching for Tri-City Dust Devils : RHP Chris Leavitt
|
|
Pitching: RHP Tim bin Fadi
|
|
|
Batting: RHB Francisco Santos
|
0-0: Ball 1-0: TRIPLE (Flyball, 7D, EV 108.1 MPH)
|
|
Batting: SHB Nathan Clement
|
0-0: Ball 1-0: Ball 2-0: Ground out U3 (Groundball, 34, EV 92.5 MPH) Francisco Santos scores
|
|
Batting: RHB Ryan Thurston
|
0-0: Ball 1-0: Swinging Strike 1-1: Called Strike 1-2: Ball 2-2: Strikes out swinging
|
|
Batting: LHB Norm Silveira-Wray
|
0-0: Called Strike 0-1: Ground out 4-3 (Groundball, 4, EV 90.6 MPH)
|
| Top of the 3rd over - 1 run, 1 hit, 0 errors, 0 left on base; West Virginia 1 - Tri-City 0 |
| BOTTOM OF THE 3RD |
|
Tri-City Dust Devils batting - Pitching for West Virginia Black Bears : RHP Pete Griesser
|
|
Batting: RHB Hector Fernandez
|
0-0: Ball 1-0: Ball 2-0: Called Strike 2-1: Ground out 5-3 (Groundball, 5S, EV 87.5 MPH)
|
|
Batting: RHB Pete Deschamps
|
0-0: Ball 1-0: Ball 2-0: Ground out 4-3 (Groundball, 4, EV 82.5 MPH)
|
|
Batting: RHB Pleun Smit
|
0-0: Called Strike 0-1: Ball 1-1: Called Strike 1-2: Ball 2-2: Strikes out swinging
|
| Bottom of the 3rd over - 0 runs, 0 hits, 0 errors, 0 left on base; West Virginia 1 - Tri-City 0 |
| TOP OF THE 4TH |
|
West Virginia Black Bears batting - Pitching for Tri-City Dust Devils : RHP Tim bin Fadi
|
|
Batting: RHB Ryan LeSueur
|
0-0: Swinging Strike 0-1: Swinging Strike 0-2: Strikes out looking
|
|
Batting: LHB Dave Cook
|
0-0: Called Strike 0-1: Foul Ball, location: 2F 0-2: Ball 1-2: Ball 2-2: Strikes out swinging
|
|
Batting: RHB Joe Bower
|
0-0: Called Strike 0-1: Ball 1-1: Fly out, F9 (Flyball, 9LSF, EV 88.8 MPH)
|
| Top of the 4th over - 0 runs, 0 hits, 0 errors, 0 left on base; West Virginia 1 - Tri-City 0 |
| BOTTOM OF THE 4TH |
|
Tri-City Dust Devils batting - Pitching for West Virginia Black Bears : RHP Pete Griesser
|
|
Batting: RHB Ben Hoffman
|
0-0: Ball 1-0: Ball 2-0: Ball 3-0: Called Strike 3-1: Swinging Strike 3-2: Foul Ball, location: 2F 3-2: SINGLE (Groundball, 6MD, EV 107.5 MPH)
|
|
Batting: SHB Cesar Arteaga
|
0-0: Fly out, F7 (Flyball, 7S, EV 88.1 MPH)
|
|
Batting: LHB Justin Rankin
|
0-0: Called Strike 0-1: Called Strike 0-2: Hit by Pitch Ben Hoffman to second
|
|
Batting: RHB Deshawn Boseman
|
0-0: Called Strike 0-1: Called Strike 0-2: DOUBLE (Flyball, 8RXD, EV 94.4 MPH) Ben Hoffman scores Justin Rankin to third Runner from 3rd tries for Home, SAFE, throw by CF to home
|
|
Batting: RHB Andy Solorzano
|
0-0: Foul Ball, location: 2F 0-1: Swinging Strike 0-2: Fly out, F9 (Flyball, 9, EV 80.6 MPH)
|
|
Batting: SHB Blake Abbott
|
0-0: Foul Ball, location: 2F 0-1: Swinging Strike 0-2: Strikes out swinging
|
| Bottom of the 4th over - 2 runs, 2 hits, 0 errors, 1 left on base; West Virginia 1 - Tri-City 2 |
| TOP OF THE 5TH |
|
West Virginia Black Bears batting - Pitching for Tri-City Dust Devils : RHP Tim bin Fadi
|
|
Batting: RHB Mike Weeks
|
0-0: Swinging Strike 0-1: Ball 1-1: Fly out, F8 (Flyball, 8RS, EV 87.5 MPH)
|
|
Batting: RHB Erik Mulligan
|
0-0: Ball 1-0: Foul Ball, location: 2F 1-1: Swinging Strike 1-2: Strikes out swinging
|
|
Pinch Hitting: LHB Jesse Haught
|
0-0: Called Strike 0-1: Ball 1-1: Swinging Strike 1-2: Strikes out looking
|
| Top of the 5th over - 0 runs, 0 hits, 0 errors, 0 left on base; West Virginia 1 - Tri-City 2 |
| BOTTOM OF THE 5TH |
|
Tri-City Dust Devils batting - Pitching for West Virginia Black Bears : RHP Pete Griesser
|
|
Now in RF: Jesse Haught
|
|
|
Batting: RHB Hector Fernandez
|
0-0: Ball 1-0: Ball 2-0: Called Strike 2-1: Ground out 5-3 (Groundball, 56, EV 98.8 MPH)
|
|
Batting: RHB Pete Deschamps
|
0-0: Swinging Strike 0-1: Foul Ball, location: 2F 0-2: Ball 1-2: Strikes out swinging
|
|
Batting: RHB Pleun Smit
|
0-0: Ball 1-0: Fly out, F3 (Popup, 3, EV 67.5 MPH)
|
| Bottom of the 5th over - 0 runs, 0 hits, 0 errors, 0 left on base; West Virginia 1 - Tri-City 2 |
| TOP OF THE 6TH |
|
West Virginia Black Bears batting - Pitching for Tri-City Dust Devils : RHP Tim bin Fadi
|
|
Batting: SHB Nathan Clement
|
0-0: Ground out 5-3 (Groundball, 56, EV 105.6 MPH)
|
|
Pinch Hitting: RHB Edwardo Tanchez
|
0-0: Ball 1-0: Ball 2-0: Called Strike 2-1: Called Strike 2-2: Foul Ball, location: 2F 2-2: Strikes out swinging
|
|
Batting: LHB Norm Silveira-Wray
|
0-0: Ball 1-0: Foul Ball, location: 2F 1-1: Swinging Strike 1-2: Strikes out swinging
|
| Top of the 6th over - 0 runs, 0 hits, 0 errors, 0 left on base; West Virginia 1 - Tri-City 2 |
| BOTTOM OF THE 6TH |
|
Tri-City Dust Devils batting - Pitching for West Virginia Black Bears : RHP Pete Griesser
|
|
Now at 2B: Mike Weeks
|
|
|
Now at SS: Edwardo Tanchez
|
|
|
Batting: RHB Ben Hoffman
|
0-0: Called Strike 0-1: Called Strike 0-2: Ball 1-2: Ball 2-2: Ball 3-2: Foul Ball, location: 2F 3-2: Foul Ball, location: 2F 3-2: Foul Ball, location: 2F 3-2: Strikes out swinging
|
|
Batting: SHB Cesar Arteaga
|
0-0: Swinging Strike 0-1: Fly out, F7 (Flyball, 7, EV 80.0 MPH)
|
|
Batting: LHB Justin Rankin
|
0-0: Called Strike 0-1: Ball 1-1: Ground out 4-3 (Groundball, 34, EV 87.5 MPH)
|
| Bottom of the 6th over - 0 runs, 0 hits, 0 errors, 0 left on base; West Virginia 1 - Tri-City 2 |
| TOP OF THE 7TH |
|
West Virginia Black Bears batting - Pitching for Tri-City Dust Devils : RHP Tim bin Fadi
|
|
Pitching: RHP Chris Haselhorst
|
|
|
Batting: RHB Ryan LeSueur
|
0-0: Called Strike 0-1: Swinging Strike 0-2: Strikes out swinging
|
|
Batting: LHB Dave Cook
|
0-0: Swinging Strike 0-1: Swinging Strike 0-2: Strikes out swinging
|
|
Batting: RHB Joe Bower
|
0-0: Foul Ball, location: 2F 0-1: Ground out 6-3 (Groundball, 6M, EV 86.2 MPH)
|
| Top of the 7th over - 0 runs, 0 hits, 0 errors, 0 left on base; West Virginia 1 - Tri-City 2 |
| BOTTOM OF THE 7TH |
|
Tri-City Dust Devils batting - Pitching for West Virginia Black Bears : RHP Pete Griesser
|
|
Batting: RHB Deshawn Boseman
|
0-0: Called Strike 0-1: Ball 1-1: Ball 2-1: Fly out, F9 (Line Drive, 9D, EV 88.1 MPH)
|
|
Batting: RHB Andy Solorzano
|
0-0: Called Strike 0-1: Ball 1-1: Ball 2-1: Ball 3-1: Swinging Strike 3-2: Foul Ball, location: 2F 3-2: Foul Ball, location: 2F 3-2: Fly out, F9 (Flyball, 9LS, EV 89.4 MPH)
|
|
Batting: SHB Blake Abbott
|
0-0: Ball 1-0: Ground out 6-3 (Groundball, 6M, EV 103.8 MPH)
|
| Bottom of the 7th over - 0 runs, 0 hits, 0 errors, 0 left on base; West Virginia 1 - Tri-City 2 |
| TOP OF THE 8TH |
|
West Virginia Black Bears batting - Pitching for Tri-City Dust Devils : RHP Chris Haselhorst
|
|
Pinch Hitting: LHB Kazuyoshi Ikeda
|
0-0: Ball 1-0: Called Strike 1-1: Called Strike 1-2: Ball 2-2: Strikes out looking
|
|
Batting: RHB Erik Mulligan
|
0-0: Called Strike 0-1: Swinging Strike 0-2: Strikes out swinging
|
|
Batting: LHB Jesse Haught
|
0-0: SINGLE (Groundball, 56S, EV 68.8 MPH) (infield hit)
|
|
Batting: SHB Nathan Clement
|
0-0: Swinging Strike 0-1: Ball 1-1: Ball 2-1: Ball 3-1: Called Strike 3-2: Strikes out swinging
|
| Top of the 8th over - 0 runs, 1 hit, 0 errors, 1 left on base; West Virginia 1 - Tri-City 2 |
| BOTTOM OF THE 8TH |
|
Tri-City Dust Devils batting - Pitching for West Virginia Black Bears : RHP Pete Griesser
|
|
Pitching: RHP Pat Hall
|
|
|
Now at 2B: Erik Mulligan
|
|
|
Now at 3B: Rafael Galicia
|
|
|
Batting: RHB Hector Fernandez
|
0-0: DOUBLE (Line Drive, 89D, EV 107.5 MPH)
|
|
Batting: RHB Pete Deschamps
|
0-0: Intentional Walk
|
|
Batting: RHB Pleun Smit
|
0-0: Fly out, F4 (Popup, 4M, EV 57.5 MPH)
|
|
Batting: RHB Ben Hoffman
|
0-0: Ball 1-0: Ball 2-0: Called Strike 2-1: Foul Ball, location: 2F 2-2: Ball 3-2: Base on Balls Hector Fernandez to third Pete Deschamps to second
|
|
Batting: SHB Cesar Arteaga
|
0-0: Ball 1-0: Ball 2-0: Ball 3-0: Called Strike 3-1: Foul Ball, location: 2F 3-2: SINGLE (Groundball, 6, EV 101.2 MPH) (infield hit) Hector Fernandez scores Pete Deschamps to third Ben Hoffman to second
|
|
Batting: LHB Justin Rankin
|
0-0: Foul Ball, location: 2F 0-1: Ball Wild Pitch! Pete Deschamps scores Ben Hoffman to third Cesar Arteaga to second 1-1: Called Strike 1-2: Strikes out swinging
|
|
Batting: RHB Deshawn Boseman
|
0-0: Ball 1-0: Ball 2-0: Ball 3-0: Ground out 3-1 (Groundball, 34, EV 111.2 MPH)
|
| Bottom of the 8th over - 2 runs, 2 hits, 0 errors, 2 left on base; West Virginia 1 - Tri-City 4 |
| TOP OF THE 9TH |
|
West Virginia Black Bears batting - Pitching for Tri-City Dust Devils : RHP Chris Haselhorst
|
|
Pitching: RHP Jake Gregor
|
|
|
Batting: RHB Edwardo Tanchez
|
0-0: Ball 1-0: Foul Ball, location: 2F 1-1: Swinging Strike 1-2: Strikes out looking
|
|
Batting: LHB Norm Silveira-Wray
|
0-0: Called Strike 0-1: Swinging Strike 0-2: Ball 1-2: Ball 2-2: Fly out, F8 (Line Drive, 8LS, EV 88.8 MPH)
|
|
Batting: RHB Ryan LeSueur
|
0-0: Called Strike 0-1: Ball 1-1: Ball 2-1: Ball 3-1: Foul Ball, location: 2F 3-2: Foul Ball, location: 2F 3-2: Foul Ball, location: 2F 3-2: Strikes out swinging
|
| Top of the 9th over - 0 runs, 0 hits, 0 errors, 0 left on base; West Virginia 1 - Tri-City 4 |
|